AoeStats
← mario12111988

Arabia

510254181Analyzed
1v1 RM · 2d ago on Sep 30, 2026· 65m 13s· 2 players
Game mode
Random Map
Map size
Tiny (2 player)
Population
200
Speed
Normal
Resources
Standard
Victory
Conquest
Starting age
Dark Age
Ending age
Imperial Age
RankedLock teamsTeams togetherTeam positionsShared explorationLock speedFull tech treeHidden civsTurbo modeCheats
Victory
Defeat
🇺🇸 Spanish · United States
694
+16
🇺🇾 Sicilians · Uruguay
696
-16
mt_dune
8:29 Loom
10:49 Feudal Age
13:40 Man-at-Arms
16:12 Double-Bit Axe
23:16 Castle Age
22:54 Fletching
23:05 Padded Archer Armor
24:18 Bow Saw
26:00 Gold Mining
31:18 Bodkin Arrow
31:36 Husbandry
31:46 Bloodlines
33:16 Long Swordsman
34:00 Gambesons
34:27 Squires
42:56 Leather Archer Armor
42:46 Scale Barding Armor
47:57 Ballistics
51:45 Light Cavalry
60:34 Imperial Age
63:07 Chemistry
61:37 Elite Conquistador
62:43 Conscription
64:20 Murder Holes
mario12111988
3:52 Loom
15:10 Feudal Age
18:36 Horse Collar
29:30 Castle Age
29:04 Fletching
35:51 Bloodlines
45:16 Bodkin Arrow
47:29 Light Cavalry
52:36 Heavy Plow
53:56 Husbandry
Connection lost

Rejoining the realm…

Still unreachable

The connection could not be restored.

Session expired

The server has moved on; the page needs a fresh start.